 Dungeon Crawl Stone Soup version 0.30-b1-2-g02819fbbbe (webtiles) character file.

Game seed: 6925379046863002664

3053827 Mesmaeker13 the Shapeless Octopus (level 27, 297/297 HPs)
             Began as an Octopode Transmuter on May 18, 2023.
             Was the Champion of Wu Jian.
             Escaped with the Orb
             ... and 5 runes on May 20, 2023!
             The game lasted 03:21:02 (74807 turns).

Mesmaeker13 the Shapeless Octopus (OpTm)           Turns: 74807, Time: 03:21:03

Health: 297/297    AC: 20    Str: 27    XL:     27
Magic:  38/38      EV: 24    Int: 29    God:    Wu Jian [******]
Gold:   5001       SH:  0    Dex: 14    Spells: 33/57 levels left

rFire   + + +        R - melded staff of cold "Toxe" {rC+ Str+2 Int+4 Dex+3 SInv}
rCold   . . .        (shield currently unavailable)
rNeg    + + .        X - melded +2 hat {Int+3}
rPois   +            s - amulet of regeneration
rElec   +            j - +5 ring of evasion
rCorr   +            w - ring of Vocuf {rN+ SInv}
SInv    +            P - ring "Gesuchan" {Drain Will+ Int+5 Slay+5}
Will    ++++.        Q - +4 ring of protection
Stlth   +            i - +5 ring of evasion
HPRegen 1.49/turn    c - ring "Ettyuk" {Fly rPois rF+ rCorr}
MPRegen 0.26/turn    M - ring "Riwosuph" {rElec rN+ Int+4}
                     V - ring of the Bruised Allies {rC+ Will+ Slay+5 Stlth+}

%: random rage (3%)
@: dragon-form, flying, studying 6 skills
A: dragon claw, dragon scales, breathe fire, flying, boosted hp, almost no
armour, amphibious, 8 rings, giant, (camouflage 1), (gelatinous body 1), (nimble
swimmer 1), (tentacles), (iridescent scales 1), berserk 1, deterioration 2,
(fire resistance 1), frail 1, low MP 1, (poison resistance), screaming 1,
inability to read after injury 1, devolution 1
0: Orb of Zot
}: 5/15 runes: serpentine, barnacled, slimy, silver, abyssal
a: Breathe Fire, End Transformation, Renounce Religion, Wall Jump, Serpent's
Lash, Heavenly Storm


You escaped.
You worshipped Wu Jian.
Wu Jian was exalted by your worship.
You were a fearsome dragon!
You visited 12 branches of the dungeon, and saw 56 of its levels.
You visited the Abyss 1 time.
You also visited: Volcano and Wizlab.

You collected 8483 gold pieces.
You spent 3482 gold pieces at shops.

Inventory:

Missiles
 z - 8 throwing nets
 K - 11 curare-tipped darts (quivered)
Armour
 X - a +2 hat of intelligence (melded)
Magical Staves
 R - the staff of cold "Toxe" (melded) {rC+ Str+2 Int+4 Dex+3 SInv}
   (You found it on level 3 of the Crypt)

   [staff of cold]

   Base accuracy: +5 Base damage: 5 Base attack delay: 1.2 This weapon's minimum
   attack delay (0.6) is reached at skill level 12.
   Str:       It affects your strength (+2).
   Int:       It affects your intelligence (+4).
   Dex:       It affects your dexterity (+3).
   rC:        It protects you from cold.
   SInv:      It lets you see invisible.
   It falls into the 'Staves' category.
   It is a one-tentacled weapon.
Jewellery
 c - the ring "Ettyuk" (on tentacle) {Fly rPois rF+ rCorr}
   (You bought it in a shop on level 3 of the Snake Pit)

   [ring of resist corrosion]

   rF:        It protects you from fire.
   rPois:     It protects you from poison.
   Fly:       It grants you flight.
   rCorr:     It protects you from acid and corrosion.
 i - a +5 ring of evasion (on tentacle)
 j - a +5 ring of evasion (left foreclaw)
 n - the amulet of Symmetry {Reflect +Inv rPois SH+5}
   (You found it on level 5 of the Pits of Slime)

   [amulet of reflection]

   It reflects blocked missile attacks.
   rPois:     It protects you from poison.
   +Inv:      It lets you turn invisible.
   SH:        It affects your SH (+5).
 s - an amulet of regeneration (around neck)
 v - the ring of Wishful Thinking {Wiz +Blink rPois rN+ Dex+3}
   (You found it on level 5 of the Pits of Slime)

   [ring of wizardry]

   It improves your spell success rate.
   Dex:       It affects your dexterity (+3).
   rPois:     It protects you from poison.
   rN:        It protects you from negative energy.
   +Blink:    It lets you blink.
 w - the ring of Vocuf (right foreclaw) {rN+ SInv}
   (You acquired it on level 2 of the Shoals)

   [ring of positive energy]

   rN:        It protects you from negative energy.
   SInv:      It lets you see invisible.
 y - a +6 ring of strength
 G - the ring "Akhleb" {Fire Int+7 Stlth-}
   (You found it in a wizard's laboratory)

   [ring of fire]

   It enhances your fire magic.
   Int:       It affects your intelligence (+7).
   rF:        It protects you from fire.
   rC:        It makes you vulnerable to cold.
   Stlth:     It makes you less stealthy.
 I - the ring "Xedoew" {Ice rN+ SInv}
   (You found it on level 5 of the Realm of Zot)

   [ring of ice]

   It enhances your ice magic.
   rF:        It makes you vulnerable to fire.
   rC:        It protects you from cold.
   rN:        It protects you from negative energy.
   SInv:      It lets you see invisible.
 M - the ring "Riwosuph" (on tentacle) {rElec rN+ Int+4}
   (You found it on level 2 of the Depths)

   [ring of positive energy]

   Int:       It affects your intelligence (+4).
   rElec:     It insulates you from electricity.
   rN:        It protects you from negative energy.
 O - an amulet of the acrobat
 P - the ring "Gesuchan" (on tentacle) {Drain Will+ Int+5 Slay+5}
   (You found it on level 2 of the Shoals)

   [ring of willpower]

   Int:       It affects your intelligence (+5).
   Slay:      It affects your accuracy & damage with ranged weapons and melee
   (+5).
   Drain:     It drains your maximum health when unequipped.
   Will:      It increases your willpower.
 Q - a +4 ring of protection (on tentacle)
 V - the ring of the Bruised Allies (on tentacle) {rC+ Will+ Slay+5 Stlth+}
   (You took it off a deep elf high priest on level 5 of the Vaults)

   [ring of protection from cold]

   Slay:      It affects your accuracy & damage with ranged weapons and melee
   (+5).
   rC:        It protects you from cold.
   Will:      It increases your willpower.
   Stlth:     It makes you more stealthy.
Wands
 C - a wand of digging (26)
 U - a wand of roots (13)
Scrolls
 b - 12 scrolls of noise
 d - 9 scrolls of fog
 e - 24 scrolls of teleportation
 f - 13 scrolls of immolation
 k - 3 scrolls of summoning
 l - a scroll of torment
 o - 7 scrolls of magic mapping
 p - a scroll of silence
 q - 5 scrolls of fear
 x - 8 scrolls of blinking
 A - 2 scrolls of amnesia
 H - 2 scrolls of enchant weapon
Potions
 a - 12 potions of lignification
 g - 10 potions of brilliance
 h - 7 potions of cancellation
 m - 6 potions of mutation
 r - 5 potions of ambrosia
 t - 28 potions of curing
 u - 13 potions of heal wounds
 B - 5 potions of haste
 D - 8 potions of might
 E - a potion of resistance
 F - a potion of invisibility
 L - 6 potions of magic
 T - 2 potions of berserk rage
Miscellaneous
 N - a box of beasts


   Skills:
 + Level 26.0 Fighting
 - Level 0.5 Axes
 + Level 16.0 Dodging
 + Level 26.1 Unarmed Combat
 - Level 15.6 Spellcasting
 - Level 9.5 Translocations
 O Level 27 Transmutations
 - Level 10.0 Fire Magic
 - Level 8.0 Ice Magic
 - Level 10.0 Poison Magic


You had 33 spell levels left.
You knew the following spells:

 Your Spells              Type           Power      Damage    Failure   Level
a - Dragon Form           Tmut           54%        N/A       1%          7
b - Wereblood             Tmut           100%       N/A       0%          2
c - Ignite Poison         Fire/Tmut/Pois 85%        N/A       0%          3
d - Manifold Assault      Tloc           67%        N/A       1%          4
e - Eringya's Noxious Bo  Tmut/Pois      46%        N/A       1%          6
f - Passwall              Tmut/Erth      65%        N/A       0%          2

Your spell library contained the following spells:

 Spells                   Type           Power      Damage    Failure   Level
 Beastly Appendage        Tmut           100%       N/A       0%          1
 Spider Form              Tmut/Pois      92%        N/A       0%          3
 Ice Form                 Ice/Tmut       90%        N/A       0%          4
 Apportation              Tloc           100%       N/A       1%          1
 Kiss of Death            Conj/Necr      88%        2d12      1%          1
 Magic Dart               Conj           88%        1d7       1%          1
 Sandblast                Erth           44%        2d11      1%          1
 Shock                    Conj/Air       88%        1d8       1%          1
 Blink                    Tloc           100%       N/A       1%          2
 Cigotuvi's Dreadful Rot  Necr/Pois/Air  84%        N/A       1%          2
 Ensorcelled Hibernation  Hex/Ice        92%        N/A       1%          2
 Lesser Beckoning         Tloc           100%       N/A       1%          2
 Momentum Strike          Conj/Tloc      100%       3d10      1%          2
 Inner Flame              Hex/Fire       51%        N/A       1%          3
 Mephitic Cloud           Conj/Pois/Air  42%        N/A       1%          3
 Ozocubu's Armour         Ice            62%        N/A       1%          3
 Portal Projectile        Hex/Tloc       100%       N/A       1%          3
 Teleport Other           Tloc           67%        N/A       1%          3
 Vhi's Electric Charge    Tloc/Air       100%       N/A       1%          3
 Volatile Blastmotes      Fire/Tloc      100%       2d18      1%          3
 Passage of Golubria      Tloc           67%        N/A       1%          4
 Petrify                  Tmut/Erth      79%        N/A       1%          4
 Irradiate                Conj/Tmut      39%        3d24      1%          5
 Statue Form              Tmut/Erth      52%        N/A       1%          6
 Call Imp                 Summ           44%        N/A       3%          2
 Static Discharge         Conj/Air       44%        2-4/arc   3%          2
 Sublimation of Blood     Necr           22%        N/A       3%          2
 Summon Ice Beast         Ice/Summ       46%        N/A       4%          4
 Call Canine Familiar     Summ           22%        N/A       6%          3
 Confusing Touch          Hex            22%        N/A       6%          3
 Stone Arrow              Conj/Erth      44%        3d9       6%          3
 Summon Guardian Golem    Hex/Summ       22%        N/A       6%          3
 Swiftness                Air            22%        N/A       6%          3
 Storm Form               Tmut/Air       39%        N/A       7%          7
 Fireball                 Conj/Fire      25%        3d11      8%          5
 Summon Forest            Summ/Tloc      25%        N/A       9%          5
 Freezing Cloud           Conj/Ice/Air   19%        6-21      19%         5
 Airstrike                Air            11%        2d(2-18)  21%         4
 Anguish                  Hex/Necr       11%        N/A       21%         4
 Animate Dead             Necr           22%        N/A       21%         4
 Cause Fear               Hex            11%        N/A       21%         4
 Dispel Undead            Necr           22%        3d12      21%         4
 Fulminant Prism          Conj/Hex       11%        3d9       21%         4
 Leda's Liquefaction      Hex/Erth       11%        N/A       21%         4
 Summon Lightning Spire   Summ/Air       22%        N/A       21%         4
 Plasma Beam              Fire/Air       25%        2x1d41    38%         6
 Starburst                Conj/Fire      25%        6d8       38%         6
 Borgnjor's Vile Clutch   Necr/Erth      11%        N/A       50%         5
 Iskenderun's Battlesphe  Conj           22%        2d8       50%         5
 Lee's Rapid Deconstruct  Erth           11%        3d8*      50%         5
 Silence                  Hex/Air        11%        N/A       50%         5
 Summon Mana Viper        Hex/Summ       22%        N/A       50%         5
 Ozocubu's Refrigeration  Ice            31%        4d14      54%         7
 Malign Gateway           Summ/Tloc      25%        N/A       94%         7
 Death Channel            Necr           11%        N/A       97%         6
 Iron Shot                Conj/Erth      11%        9d3       97%         6
 Enfeeble                 Hex            11%        N/A       100%        7
 Haunt                    Necr/Summ      11%        N/A       100%        7
 Spellforged Servitor     Conj/Summ      11%        N/A       100%        7
 Summon Hydra             Summ           11%        N/A       100%        7
 Infestation              Necr           11%        N/A       100%        8
 Lehudib's Crystal Spear  Conj/Erth      11%        10d4      100%        8
 Chain Lightning          Conj/Air       11%        3d14      100%        9
 Dragon's Call            Summ           11%        N/A       100%        9
 Fire Storm               Conj/Fire      25%        8d7       100%        9
 Shatter                  Erth           11%        3d12*     100%        9
 Animate Armour           Summ/Erth      Unusable   N/A       N/A         4

Dungeon Overview and Level Annotations

Branches:
Dungeon (15/15)            Temple (1/1) D:6            Lair (5/5) D:10
 Shoals (4/4) Lair:3        Snake (4/4) Lair:2        Slime (5/5) Lair:5
    Orc (2/2) D:11            Elf (3/3) Orc:2        Vaults (5/5) D:14
  Crypt (3/3) Vaults:3       Tomb (0/3) Crypt:3      Depths (4/4) D:15
    Zot (5/5) Depths:4    Volcano (visited)          WizLab (visited)

Altars:
Ashenzari
Cheibriados
Dithmenos
Elyvilon
Fedhas
Gozag
Hepliaklqana
Kikubaaqudgha
Makhleb
Nemelex Xobeh
Okawaru
Qazlal
Ru
Sif Muna
Trog
Uskayaw
Vehumet
Wu Jian
Xom
Yredelemnul
Zin
The Shining One
Jiyva

Shops:
D:6 [   D:7 :   D:8 (   D:11 *   Orc:1 *   Orc:2 (!*   Shoals:4 (   Snake:1 [
Snake:3 :=:   Vaults:2 (   Vaults:5 [   Depths:2 ?   Depths:3 [

Portals:
Hell: Depths:1 Depths:2 Depths:3 Depths:4
Abyss: D:5 Depths:3 Depths:4
Pandemonium: Depths:2 Depths:4
Ziggurat: Depths:2

Annotations:
D:3 2 transporters
D:7 3 exclusions
Lair:5 exclusion: obsidian statue
Elf:3 1 runed translucent door, 1 exclusion, Subbak's ghost, veteran HOMo
Zot:2 2 transporters


Innate Abilities, Weirdness & Mutations

You are a fearsome dragon!
You have a powerful clawing attack.
Your giant scaled body is strong and resiliant, but less evasive.
You can breathe fire.
You are flying.
Your maximum health is greatly increased.
Your armour is entirely melded.
You are incapable of wielding weapons or throwing items.
You cannot wear most types of armour.
You are amphibious.
You can wear up to eight rings at the same time.
((Your skin changes colour to match your surroundings (Stealth+).))
((Your rubbery body absorbs attacks. (AC +1, EV +1)))
((You are camouflaged when in or above water. (Stealth+)))
((You have tentacles for arms and can constrict up to eight enemies at once.))
((You are partially covered in iridescent scales. (AC +2)))
You sometimes lose your temper in combat.
Your body often deteriorates upon taking damage.
((Your flesh is heat resistant. (rF+)))
You are frail. (-10% HP)
Your magical capacity is low. (-10% MP)
((Your system is resistant to poisons. (rPois)))
You occasionally shout uncontrollably at your foes.
You occasionally lose the ability to read scrolls when taking damage.
You have hidden genetic defects.


Message History

Your transformation has ended.
The staff of cold "Toxe" {rC+ Str+2 Int+4 Dex+3 SInv} unmelds from your body.
Your +2 hat of intelligence unmelds from your body.
You feel clever.
Unknown command.
There is a stone staircase leading up here.
You fly upwards.
There is a stone staircase leading down here.
You see here a +0 whip.
You see here a +0 club.
A blizzard demon comes into view.
Casting: Dragon Form (safe; 0% risk of failure)
Confirm with . or Enter, or press ? or * to list all spells.
You turn into a fearsome dragon!
The staff of cold "Toxe" {rC+ Str+2 Int+4 Dex+3 SInv} melds into your body.
Your +2 hat of intelligence melds into your body.
You feel stupid.
Unknown command.
The blizzard demon hits you.
The blizzard demon completely misses you.
You bite the blizzard demon!! You tail-slap the blizzard demon.
The blizzard demon is moderately wounded.
You claw the blizzard demon!
The blizzard demon is heavily wounded.
The blizzard demon gestures at you. The bolt of cold hits you.
You maul the blizzard demon!!!!
You kill the blizzard demon!
The Council accepts your kill.
(D) Dungeon (T) Temple (L) Lair (A) Shoals (P) Snake Pit (M) Slime Pits (O) Orcish Mines (E) Elven Halls (V) Vaults (C) Crypt (W) Tomb (U) Depths (H) Hell (Z) Zot
Where to? (Enter - D:1 @ (x,y), ? - help) HP restored.
You see here a +0 dagger.
Magic restored.
You see here a +0 leather armour.
There is a staircase leading out of the dungeon here.
You have escaped!

#.....## #..########.. ##.....#
#### #.. ##....## ##########..
#.....# #........... ##....#
#.##.....#.# ###..##
#.##.###.#.# #.....# #.##.#
#...# ##### ##.#..##
#....###....
#...######>###.D#####.##........
#.#......### ####.....####.#.###
#...######.# #####.# #.#.# ##.##
#.# #.# #.#.# ###.# #.###### #.#
#.#.# ....# #[.....# #.# #.#.#
###.# ######.# #.# #†#.# #.#
#...# #.# #.#.#
#.##########.#######.# #.#.###


There were no monsters in sight!

Vanquished Creatures
  the Royal Jelly (Slime:5)
  10 dread liches
  A pandemonium lord (Depths:1)
  5 orbs of fire
  5 ancient liches
  A royal mummy (Crypt:1)
  2 Killer Klowns (Zot:5)
  A caustic shrike (Depths:1)
  4 curse toes
  Saint Roka (Elf:2)
  Vashnia (Snake:2)
  Jory (Crypt:1)
  5 golden dragons
  2 doom hounds (Depths:4)
  A bone dragon (Crypt:3)
  A Tzitzimitl (D:15)
  A Hell Sentinel (D:9)
  26 Orb Guardians
  5 electric golems
  2 walking crystal tomes
  Jorgrun (D:13)
  16 tentacled monstrosities
  Zenata (Crypt:2)
  A deep elf master archer (Elf:3)
  3 deep elf blademasters
  Grunn (Depths:4)
  11 liches
  A walking frostbound tome (Depths:2)
  15 quicksilver dragons
  12 ancient champions
  16 acid blobs
  9 titans (Vaults:5)
  2 Executioners
  6 sphinxes
  12 death cobs
  Gastronok (Lair:1)
  A tentacled starspawn (Abyss:3)
  6 shadow dragons
  22 storm dragons
  12 draconian monks
  9 nagarajas
  Roxanne (Shoals:2)
  11 azure jellies
  Ilsuiw (Shoals:2)
  10 rockslimes
  7 draconian knights
  2 demonspawn warmongers
  8 tengu reavers
  2 revenants (Crypt:3)
  14 fire giants
  19 vault wardens
  7 frost giants
  8 deep elf sorcerers
  An iron dragon (Depths:2)
  2 orc warlords
  A juggernaut zombie (Crypt:1)
  3 ghost moths
  Aizul (Snake:2)
  4 curse skulls
  8 draconian scorchers
  A cacodemon (Depths:1)
  10 draconian shifters
  2 reapers
  7 war gargoyles
  5 draconian stormcallers
  2 deep elf elementalists (Elf:3)
  23 ironbound preservers
  16 stone giants
  18 quicksilver oozes
  A juggernaut skeleton (Depths:3)
  A caustic shrike skeleton (Crypt:3)
  7 draconian annihilators
  3 spriggan defenders (Depths:2)
  4 deep elf demonologists
  41 very ugly things
  2 lorocyprocas
  4 vampire knights
  A rockslime zombie (Crypt:2)
  19 green draconians
  8 ironbound thunderhulks
  9 black draconians
  20 yellow draconians
  14 white draconians
  7 deep elf annihilators
  18 red draconians
  15 purple draconians
  13 dire elephants
  A spark wasp (shapeshifter) (Vaults:5)
  11 ettins
  2 spark wasps (Depths:2)
  7 deep elf death magi
  7 eidola
  2 crystal guardians
  13 merfolk impalers
  3 mummy priests (Crypt:1)
  4 blizzard demons
  5 merfolk javelineers
  An ettin (shapeshifter) (Vaults:5)
  Josephine (Lair:4)
  8 fire dragons
  A spectral fenstrider witch (Crypt:1)
  4 deep elf high priests
  11 great orbs of eyes
  An entropy weaver (Vaults:3)
  3 jiangshi (Crypt:1)
  A spectral spriggan (Crypt:1)
  11 ice dragons
  22 yaktaur captains
  34 vault guards
  3 salamander tyrants
  4 ogre magi
  A spriggan zombie (Depths:3)
  A rakshasa (Depths:2)
  A hell beast (Depths:4)
  A spectral shadow dragon (Crypt:1)
  2 catoblepae
  8 peacekeepers
  5 merfolk avatars
  2 death knights
  12 hydras
  8 ironbound frosthearts
  13 anacondas
  11 centaur warriors
  A hydra (shapeshifter) (Depths:3)
  3 alligator snapping turtles
  A spriggan air mage (Depths:4)
  Erica (D:11)
  8 two-headed ogres
  8 merfolk aquamancers
  8 boulder beetles
  A satyr (shapeshifter) (Depths:2)
  5 tengu warriors
  A bennu zombie (Crypt:3)
  A spectral stone giant (Crypt:1)
  10 deep troll shamans
  14 naga warriors
  9 death yaks
  5 satyrs
  2 vampire magi (Crypt:1)
  16 deep troll earth magi
  28 dancing weapons
  An orc high priest (Orc:2)
  A hell hog (Depths:4)
  4 spriggan berserkers (Depths:2)
  10 shock serpents
  A spectral dire elephant (Crypt:1)
  4 thrashing horrors (Abyss:3)
  12 naga sharpshooters
  A titan zombie (Crypt:2)
  2 spriggans (Depths:2)
  A spectral emperor scorpion (Crypt:1)
  16 iron trolls
  15 deep elf knights
  6 skysharks
  4 hell knights (Depths:3)
  2 shadow wraiths
  27 skeletal warriors
  A wretched star (Abyss:3)
  A ghost moth zombie (Crypt:2)
  A spark wasp zombie (Crypt:2)
  4 salamander mystics
  2 spectral anacondas
  2 flayed ghosts (Crypt:3)
  15 sea snakes
  A spectral hydra (Crypt:1)
  A spectral death yak (Lair:5)
  A spectral bunyip (Crypt:1)
  2 storm dragon skeletons
  A quicksilver dragon simulacrum (Depths:4)
  10 deep elf archers
  2 glowing orange brains
  An obsidian statue (Crypt:1)
  A swamp dragon (Snake:1)
  A spriggan simulacrum (Crypt:2)
  33 deep trolls
  6 lindwurms
  A golden dragon skeleton (Vaults:3)
  9 harpies
  A steelbarb worm (shapeshifter) (Depths:2)
  10 wizards
  9 naga ritualists
  11 phantasmal warriors
  9 orc knights
  A harpy (shapeshifter) (Vaults:5)
  22 deep elf zephyrmancers
  22 ironbound convokers
  25 deep elf pyromancers
  13 mana vipers
  A tengu skeleton (Vaults:3)
  A spectral merfolk (Crypt:1)
  A shadow dragon skeleton (Crypt:3)
  5 orc sorcerers
  A wolf spider (D:14)
  38 ugly things
  3 spectral ettins (Crypt:1)
  11 necromancers
  12 shining eyes
  9 cyclopes
  19 fauns
  14 manticores
  An iron dragon skeleton (Vaults:4)
  20 salamanders
  A large abomination (Abyss:3)
  17 elephants
  5 human skeletons
  A frost giant skeleton (Vaults:3)
  54 black mambas
  7 guardian serpents
  A rust devil (Depths:2)
  29 moths of wrath
  13 vault sentinels
  5 merfolk sirens
  3 smoke demons
  2 dire elephant zombies (Lair:5)
  6 water nymphs
  A guardian serpent (shapeshifter) (Vaults:5)
  12 naga magi
  A fire giant skeleton (Vaults:3)
  2 centaur zombies
  A dire elephant skeleton (Lair:5)
  A molten gargoyle (WizLab)
  An orange demon (Depths:2)
  3 gargoyles (WizLab)
  2 elf skeletons (Vaults:3)
  A hellion (Zot:3)
  20 cane toads
  A centaur skeleton (D:15)
  A naga skeleton (Crypt:3)
  An unseen horror (D:12)
  19 yaktaurs
  4 efreet
  3 freezing wraiths
  A rime drake (Lair:5)
  19 komodo dragons
  2 spectral harpies (Crypt:1)
  4 tengu conjurers
  2 ice devils (Depths:2)
  A kobold demonologist (D:14)
  An ancient zyme (Abyss:3)
  A red devil (D:7)
  A death yak skeleton (Crypt:3)
  A spectral naga (Crypt:1)
  The ghost of Sassenached the Trooper, an amateur DgWn (D:5)
  A polar bear (Lair:4)
  2 sea snake skeletons
  10 guardian mummies
  6 trolls
  A green draconian skeleton (Crypt:2)
  A death drake zombie (Crypt:2)
  27 merfolk
  2 tengu simulacra (Depths:3)
  4 raiju (Abyss:3)
  25 blink frogs
  A radroach zombie (Crypt:1)
  2 harpy skeletons (D:15)
  2 hornets (Depths:2)
  A tarantella (shapeshifter) (D:14)
  5 wind drakes
  15 snapping turtles
  11 dream sheep
  21 water elementals
  2 centaur simulacra
  8 flying skulls
  133 slime creatures
  2 ettin skeletons
  A satyr skeleton (Crypt:1)
  A shadow (D:13)
  10 wyverns
  2 air elementals (Elf:2)
  35 yaks
  7 basilisks
  10 wraiths
  7 fire bats (Volcano)
  23 fire elementals
  12 golden eyes
  3 chaos spawn (Depths:2)
  2 neqoxecs (Abyss:3)
  3 redbacks (Vaults:3)
  17 vampire mosquitoes
  7 steam dragons
  3 spectral cane toads (Lair:5)
  A yaktaur simulacrum (Vaults:4)
  A warg (Orc:2)
  38 nagas
  2 acid dragons
  2 small abominations
  14 water moccasins
  5 hell hounds (D:15)
  38 orc warriors
  A cane toad skeleton (Crypt:3)
  2 ice beasts
  A water nymph skeleton (Crypt:2)
  3 glowing shapeshifter skeletons
  2 sky beasts
  2 black bears
  An ogre skeleton (Vaults:3)
  9 ogres
  12 boggarts
  11 centaurs
  9 kobold brigands
  3 phantoms
  A rime drake skeleton (Crypt:3)
  10 bullfrogs
  A komodo dragon zombie (Crypt:1)
  8 earth elementals
  2 scorpions
  A gnoll sergeant (D:12)
  A draconian skeleton (Crypt:1)
  2 wyvern skeletons (Crypt:2)
  4 wights (D:10)
  A hornet simulacrum (D:14)
  5 killer bees (D:9)
  An elephant simulacrum (Lair:5)
  2 polar bear skeletons
  2 howler monkeys
  2 jellies
  29 orc priests
  2 iron imps
  A bullfrog skeleton (Crypt:2)
  2 gnoll boudas
  9 iguanas
  44 orc wizards
  2 lightning spires (WizLab)
  An acid dragon skeleton (Crypt:1)
  12 mummies (Crypt:3)
  Robin (D:3)
  18 gnolls
  8 adders
  2 shadow imps (D:7)
  2 white imps (D:5)
  An ufetubus (D:6)
  2 worms
  3 dart slugs
  88 orcs
  4 ball pythons
  7 endoplasms
  4 giant cockroaches
  15 goblins
  10 hobgoblins
  5 jackals
  3 quokkas
  5 bats
  5 frilled lizards
  A gnoll skeleton (Crypt:1)
  A jackal skeleton (Crypt:1)
  36 kobolds
  5 rats
  4 plants
2633 creatures vanquished.

Vanquished Creatures (collateral kills)
  An orc warrior (Elf:2)
1 creature vanquished.

Vanquished Creatures (others)
  A lich (Depths:2)
  A tengu warrior (Depths:3)
  A salamander (Volcano)
  2 orc wizards (Orc:2)
  26 fungi
  206 plants
  27 withered plants (Lair:5)
264 creatures vanquished.

Grand Total: 2898 creatures vanquished

Notes
Turn   | Place    | Note
-------+----------+-------------------------------------------
     0 | D:1      | Mesmaeker13 the Octopode Transmuter began the quest for the
                  | Orb.
     0 | D:1      | Reached XP level 1. HP: 13/13 MP: 3/3
   165 | D:1      | Reached XP level 2. HP: 14/18 MP: 3/5
   314 | D:1      | Learned a level 2 spell: Wereblood
   584 | D:1      | Reached XP level 3. HP: 23/23 MP: 4/6
  1209 | D:2      | Reached XP level 4. HP: 27/29 MP: 5/7
  1494 | D:3      | Found a transporter.
  1584 | D:3      | Noticed Robin
  1629 | D:3      | Killed Robin
  1719 | D:3      | Found a transporter.
  1795 | D:3      | Noticed a water elemental
  1806 | D:3      | Found a stormy altar of Qazlal.
  1809 | D:3      | Noticed an earth elemental
  1809 | D:3      | Noticed a fire elemental
  1809 | D:3      | Noticed an air elemental
  1821 | D:3      | Reached XP level 5. HP: 27/34 MP: 6/8
  1963 | D:3      | Found a sacrificial altar of Ru.
  1987 | D:3      | Reached skill level 3 in Transmutations
  2209 | D:4      | Noticed a phantom
  2217 | D:4      | Killed a phantom
  2227 | D:4      | Learned a level 4 spell: Ice Form
  2349 | D:3      | Reached XP level 6. HP: 42/42 MP: 5/9
  2781 | D:4      | Identified the staff of death "Uteegi" {rElec rF+++ rN+
                  | Dex-4 Stlth+}
  3010 | D:4      | Found a radiant altar of Vehumet.
  3073 | D:4      | Reached skill level 1 in Ice Magic
  3227 | D:4      | Identified the +1 cloak "Banycwah" {*Corrode +Blink rElec}
  3231 | D:4      | Found a burning altar of Makhleb.
  3685 | D:5      | Entered Level 5 of the Dungeon
  3749 | D:5      | Reached skill level 5 in Unarmed Combat
  3749 | D:5      | Reached skill level 4 in Transmutations
  3749 | D:5      | Reached XP level 7. HP: 40/46 MP: 10/10
  4000 | D:5      | Found a hazy altar of Hepliaklqana.
  4200 | D:5      | Reached XP level 8. HP: 54/54 MP: 7/11
  4322 | D:5      | Found a transporter.
  4328 | D:5      | Found a one-way gate to the infinite horrors of the Abyss.
  4328 | D:5      | Noticed Sassenached's ghost (amateur DgWn)
  4529 | D:5      | Found a transporter.
  4774 | D:6      | Reached skill level 5 in Transmutations
  4896 | D:6      | Reached skill level 5 in Fighting
  5010 | D:6      | Found Coephil's Armour Boutique.
  5166 | D:6      | Found a staircase to the Ecumenical Temple.
  5240 | Temple   | Entered the Ecumenical Temple
  5379 | D:6      | Found a sparkling altar of Nemelex Xobeh.
  5482 | D:6      | Found a broken altar of Ashenzari.
  5716 | D:7      | Reached XP level 9. HP: 61/61 MP: 8/12
  5901 | D:7      | Reached skill level 6 in Transmutations
  5943 | D:7      | Found a snail-covered altar of Cheibriados.
  6247 | D:7      | Found Deucoilu's Tremendous Tomes.
  6386 | D:7      | Reached skill level 5 in Ice Magic
  6446 | D:7      | Found a hide-covered altar of Uskayaw.
  6875 | D:8      | Found an iron altar of Okawaru.
  6961 | D:8      | Found Paijaloq's Weapon Shop.
  7818 | D:9      | Reached skill level 7 in Transmutations
  7902 | D:9      | Reached XP level 10. HP: 69/69 MP: 8/13
  8096 | D:9      | Found a blossoming altar of Fedhas.
  8532 | D:9      | Found an ancient bone altar of Kikubaaqudgha.
  8880 | D:10     | Entered Level 10 of the Dungeon
  9030 | D:10     | Noticed a two-headed ogre
  9041 | D:10     | Noticed a two-headed ogre
  9069 | D:10     | Killed a two-headed ogre
  9070 | D:10     | Reached skill level 8 in Transmutations
  9370 | D:10     | Killed a two-headed ogre
  9506 | D:10     | Noticed a two-headed ogre
  9529 | D:10     | Killed a two-headed ogre
  9530 | D:10     | Reached XP level 11. HP: 78/78 MP: 10/14
  9813 | D:10     | Found a staircase to the Lair.
 10146 | D:10     | Noticed a two-headed ogre
 10166 | D:10     | Killed a two-headed ogre
 10258 | D:10     | Found an ornate altar of the Wu Jian Council.
 10264 | D:10     | Became a worshipper of the Wu Jian Council
 10283 | D:10     | Noticed a manticore
 10290 | D:10     | Killed a manticore
 10291 | D:10     | Reached skill level 9 in Transmutations
 10425 | D:11     | Noticed Erica
 10500 | Lair:1   | Entered Level 1 of the Lair of Beasts
 11025 | Lair:1   | You fall into a shaft and drop 1 floor!
 11059 | Lair:2   | Reached skill level 10 in Unarmed Combat
 11061 | Lair:2   | Identified the +0 robe of Reaqir {Str+4}
 11064 | Lair:2   | Noticed a death yak
 11084 | Lair:2   | Killed a death yak
 11132 | Lair:2   | Noticed a death yak
 11152 | Lair:2   | Noticed a death yak
 11152 | Lair:2   | Noticed a death yak
 11159 | Lair:2   | Killed a death yak
 11323 | Lair:1   | Noticed Gastronok
 11347 | Lair:1   | Killed Gastronok
 11348 | Lair:1   | Reached skill level 10 in Fighting
 11348 | Lair:1   | Reached skill level 10 in Transmutations
 11348 | Lair:1   | Reached XP level 12. HP: 33/87 MP: 8/15
 11559 | Lair:1   | Noticed a death yak
 11567 | Lair:1   | Killed a death yak
 11766 | Lair:1   | Reached * piety under Wu Jian
 12055 | Lair:2   | Killed a death yak
 12072 | Lair:2   | Killed a death yak
 12617 | Lair:2   | Noticed a six-headed hydra
 12625 | Lair:2   | Killed a six-headed hydra
 13124 | Lair:2   | Found a staircase to the Snake Pit.
 13427 | Lair:3   | Noticed a six-headed hydra
 13428 | Lair:3   | Noticed a four-headed hydra
 13639 | Lair:3   | Reached skill level 11 in Transmutations
 13741 | Lair:3   | Killed a four-headed hydra
 14195 | Lair:3   | Killed a six-headed hydra
 14432 | Lair:3   | Reached XP level 13. HP: 95/95 MP: 12/19
 14443 | Lair:3   | Reached ** piety under Wu Jian
 14481 | Lair:3   | Found a staircase to the Shoals.
 15166 | Lair:3   | Reached skill level 5 in Spellcasting
 15570 | Lair:4   | Reached skill level 12 in Transmutations
 15832 | Lair:4   | Noticed Josephine
 15844 | Lair:4   | Killed Josephine
 16822 | Lair:5   | Entered Level 5 of the Lair of Beasts
 16848 | Lair:4   | Reached *** piety under Wu Jian
 17181 | Lair:5   | Reached XP level 14. HP: 65/104 MP: 23/23
 17765 | Lair:5   | Found a staircase to the Slime Pits.
 17765 | Lair:5   | Found a viscous altar of Jiyva.
 17824 | Lair:5   | Reached skill level 13 in Transmutations
 17857 | Lair:5   | Reached **** piety under Wu Jian
 18947 | Lair:5   | Noticed a dire elephant
 18947 | Lair:5   | Noticed a dire elephant
 18947 | Lair:5   | Noticed a dire elephant
 19442 | Lair:5   | Noticed a dire elephant
 19455 | Lair:5   | Killed a dire elephant
 19565 | Lair:5   | Identified the +1 arbalest of the Foremost Ghosts {speed,
                  | rF+}
 19926 | Lair:5   | Killed a dire elephant
 19929 | Lair:5   | Killed a dire elephant
 19946 | Lair:5   | Killed a dire elephant
 20149 | Lair:5   | Learned a level 7 spell: Dragon Form
 20682 | D:11     | Reached XP level 15. HP: 99/111 MP: 23/27
 20754 | D:11     | Found Umizek's Overcharged Wands.
 20780 | D:11     | Reached ***** piety under Wu Jian
 20871 | D:11     | Found a staircase to the Orcish Mines.
 20970 | D:11     | Killed Erica
 21697 | D:5      | Killed Sassenached's ghost
 22340 | D:12     | Gained mutation: You have hidden genetic defects.
                  | [mutagenic glow]
 22818 | D:13     | Found a radiant altar of Vehumet.
 22924 | D:13     | Noticed Jorgrun
 22940 | D:13     | Killed Jorgrun
 22941 | D:13     | Reached skill level 14 in Transmutations
 22942 | D:13     | Gained mutation: You have terrible hidden genetic defects.
                  | [mutagenic glow]
 23407 | D:13     | Found the +7 great mace "Firestarter" {flame, immolate,
                  | rFlCloud rF++}
 23767 | D:13     | Gained mutation: Your magical capacity is low. (-10% MP)
                  | [hidden defects]
 24048 | D:14     | Found a gate to the Vaults.
 24339 | D:14     | Gained mutation: You occasionally lose the ability to read
                  | scrolls when taking damage. [hidden defects]
 24339 | D:14     | Lost mutation: You have terrible hidden genetic defects.
                  | [hidden defects expressed]
 24376 | D:14     | Found an iron altar of Okawaru.
 24381 | D:14     | Lost mutation: You have hidden genetic defects. [potion of
                  | mutation]
 24381 | D:14     | Lost mutation: Your magical capacity is low. (-10% MP)
                  | [potion of mutation]
 24381 | D:14     | Lost mutation: You occasionally lose the ability to read
                  | scrolls when taking damage. [potion of mutation]
 24381 | D:14     | Gained mutation: You are vulnerable to cold. (rC-) [potion
                  | of mutation]
 24381 | D:14     | Gained mutation: Your magical capacity is low. (-10% MP)
                  | [potion of mutation]
 24382 | D:14     | Lost mutation: You are vulnerable to cold. (rC-) [potion of
                  | mutation]
 24382 | D:14     | Lost mutation: Your magical capacity is low. (-10% MP)
                  | [potion of mutation]
 24382 | D:14     | Gained mutation: Your body sometimes deteriorates upon
                  | taking damage. [potion of mutation]
 24382 | D:14     | Gained mutation: You are partially covered in iridescent
                  | scales. (AC +2) [potion of mutation]
 24382 | D:14     | Gained mutation: You are somewhat resistant to further
                  | mutation. [potion of mutation]
 24445 | D:14     | Found an opulent altar of Gozag.
 24802 | D:14     | Noticed a storm dragon
 24807 | D:14     | Noticed a frost giant
 24809 | D:14     | Killed a storm dragon
 24812 | D:14     | Killed a frost giant
 25258 | D:14     | Identified a scroll of acquirement
 25258 | D:14     | Acquired a ring of wizardry
 25268 | D:14     | Learned a level 4 spell: Manifold Assault
 25269 | D:15     | Entered Level 15 of the Dungeon
 25824 | D:15     | Reached skill level 1 in Translocations
 26072 | D:15     | Reached XP level 16. HP: 120/120 MP: 23/29
 26085 | D:15     | Reached skill level 15 in Unarmed Combat
 26113 | D:15     | Found a staircase to the Depths.
 26861 | Orc:1    | Entered Level 1 of the Orcish Mines
 26976 | Orc:1    | Found a transporter.
 26981 | Orc:1    | Found a transporter.
 26998 | Orc:1    | Found a transporter.
 26998 | Orc:1    | Found an ornate altar of the Wu Jian Council.
 27040 | Orc:1    | Found Baogargh's General Store.
 27049 | Orc:1    | Reached ****** piety under Wu Jian
 27460 | Orc:1    | Found a transporter.
 27462 | Orc:1    | Found an ornate altar of the Wu Jian Council.
 27793 | Orc:2    | Entered Level 2 of the Orcish Mines
 27804 | Orc:2    | Found Todghisas's Tempting Trifles.
 27834 | Orc:2    | Found a staircase to the Elven Halls.
 27913 | Orc:2    | Reached skill level 10 in Spellcasting
 27922 | Orc:2    | Found Iddaacs's Weapon Shop.
 27922 | Orc:2    | Found Oju Biuz's Assorted Antiques.
 27922 | Orc:2    | Found Upebbom's Distillery.
 27970 | Orc:2    | Found Unwikij's Book Boutique.
 28389 | Orc:2    | Found a dark tunnel.
 28394 | Volcano  | Entered a volcano
 28507 | Volcano  | Reached skill level 15 in Transmutations
 28527 | Volcano  | Reached skill level 15 in Fighting
 28527 | Volcano  | Reached skill level 5 in Translocations
 29420 | Orc:2    | Bought a manual of Transmutations for 1120 gold pieces
 30012 | Snake:1  | Entered Level 1 of the Snake Pit
 31131 | Snake:1  | Found Kokuudis's Superior Scales.
 31592 | Snake:2  | Reached XP level 17. HP: 127/127 MP: 31/31
 31734 | Snake:2  | Reached skill level 16 in Transmutations
 31759 | Snake:2  | Noticed Aizul
 31767 | Snake:2  | Killed Aizul
 32714 | Snake:2  | Noticed Vashnia
 32724 | Snake:2  | Killed Vashnia
 33769 | Snake:3  | Learned a level 6 spell: Eringya's Noxious Bog
 34046 | Snake:3  | Reached skill level 1 in Poison Magic
 34262 | Snake:3  | Found Xiutsan's Book Boutique.
 34265 | Snake:3  | Found Xuten's Jewellery Shoppe.
 34267 | Snake:3  | Found Taqiceif's Book Boutique.
 34304 | Snake:3  | Bought a +4 ring of slaying for 780 gold pieces
 34304 | Snake:3  | Bought a ring of resist corrosion for 200 gold pieces
 34308 | Snake:3  | Bought a ring of protection from cold for 250 gold pieces
 34530 | Snake:3  | Reached skill level 17 in Transmutations
 34604 | Snake:4  | Entered Level 4 of the Snake Pit
 35271 | Snake:4  | Reached XP level 18. HP: 135/135 MP: 33/33
 35560 | Snake:4  | Reached skill level 5 in Poison Magic
 35932 | Snake:4  | Reached skill level 18 in Transmutations
 36822 | Snake:4  | Got a serpentine rune of Zot
 37174 | Shoals:1 | Entered Level 1 of the Shoals
 37361 | Shoals:1 | Found the +2 hat of the Bear Spirit {Spirit, Bear, *Rage
                  | Will++}
 37638 | Shoals:1 | You fall into a shaft and drop 1 floor!
 38159 | Shoals:2 | Noticed Ilsuiw
 38159 | Shoals:2 | Noticed Roxanne
 38223 | Shoals:2 | Killed Ilsuiw
 38245 | Shoals:2 | Killed Roxanne
 38462 | Shoals:2 | HP: 10/207 [merfolk impaler/+2 heavy trident (20)]
 39158 | Shoals:2 | Found a runed translucent door.
 39214 | Shoals:2 | Identified the ring "Gesuchan" {Drain Will+ Int+5 Slay+5}
 39229 | Shoals:2 | Acquired the ring of Vocuf {rN+ SInv}
 39416 | Shoals:3 | Reached skill level 19 in Transmutations
 39539 | Shoals:3 | Reached XP level 19. HP: 144/144 MP: 26/34
 40046 | Snake:3  | Bought a Trismegistus Codex for 442 gold pieces
 40051 | Snake:3  | Learned a level 3 spell: Ignite Poison
 40347 | Shoals:3 | Reached skill level 1 in Fire Magic
 40485 | Shoals:4 | Entered Level 4 of the Shoals
 41345 | Shoals:4 | Identified the +10 falchion of Buuzxuci {pain, rF- Str+4}
 41386 | Shoals:4 | Identified the +0 ice dragon scales of Biucuhus {rF- rC++
                  | Dex+2}
 41397 | Shoals:4 | Found Vaeh's Antique Weapon Shop.
 41618 | Shoals:4 | Got a barnacled rune of Zot
 41883 | Elf:1    | Entered Level 1 of the Elven Halls
 41898 | Elf:1    | Reached skill level 10 in Poison Magic
 42738 | Elf:1    | Got the Compilation of the Missiles
 43510 | Elf:2    | Paralysed by an air elemental for 1 turns
 43619 | Elf:2    | Noticed Saint Roka
 43632 | Elf:2    | Killed Saint Roka
 43648 | Elf:2    | Reached skill level 5 in Fire Magic
 43648 | Elf:2    | Reached XP level 20. HP: 153/153 MP: 27/35
 43651 | Elf:2    | Reached skill level 20 in Transmutations
 43886 | Elf:2    | Paralysed by an air elemental for 1 turns
 44208 | Elf:2    | Found a runed translucent gate.
 44208 | Elf:2    | Found a runed translucent gate.
 44208 | Elf:2    | Found a runed translucent gate.
 45122 | Elf:3    | Entered Level 3 of the Elven Halls
 45461 | Elf:3    | Found a runed translucent door.
 45465 | Elf:3    | Found a shimmering altar of Xom.
 45465 | Elf:3    | Noticed Subbak's ghost (veteran HOMo)
 45466 | Elf:3    | Identified the +7 lajatang of Truncation {chaos, Str+5}
 46642 | Elf:3    | Identified the staff of cold "Veuggua" {rPois rC+}
 46681 | Elf:3    | Identified the +4 broad axe of Extinguishment {antimagic,
                  | Dex+3}
 46912 | Elf:3    | Identified the +6 flail "Iwuo" {vamp, Str+3}
 47012 | Elf:3    | Got Asmodeus's Parchment of Incandescence
 47014 | Elf:3    | Got the Annotations on Nephomancy
 47022 | Elf:3    | Got the Folio of Destined Turbulence
 47073 | Elf:3    | Found the +6 lightning scales {swift, rElec}
 47102 | Abyss:3  | Cast into level 3 of the Abyss (a deep elf demonologist)
 47137 | Abyss:3  | Found a corrupted altar of Lugonu.
 47262 | Abyss:3  | Got an abyssal rune of Zot
 47280 | Abyss:3  | Found a corrupted altar of Lugonu.
 47289 | Elf:3    | Escaped the Abyss
 47658 | Depths:1 | Entered Level 1 of the Depths
 47668 | Depths:1 | Reached XP level 21. HP: 161/161 MP: 23/36
 47903 | Depths:1 | Noticed a caustic shrike
 47909 | Depths:1 | Killed a caustic shrike
 48129 | Depths:1 | Reached skill level 21 in Transmutations
 48361 | Depths:1 | Found a gateway to Hell.
 48655 | Depths:2 | Found a one-way gateway to a ziggurat.
 48948 | Depths:2 | Found a one-way gate leading to the halls of Pandemonium.
 49295 | Depths:2 | Reached XP level 22. HP: 169/169 MP: 38/38
 49380 | Depths:2 | Identified the ring "Riwosuph" {rElec rN+ Int+4}
 49514 | Depths:2 | Reached skill level 10 in Fire Magic
 49721 | Depths:2 | Found Noeqite's Magic Scroll Shoppe.
 49914 | Depths:3 | Found Antid's Antique Armour Emporium.
 50740 | Depths:4 | Entered Level 4 of the Depths
 50748 | Depths:4 | Identified the +0 scimitar of Womih {heavy, rPois Stlth+}
 51155 | Depths:4 | Noticed Grunn
 51168 | Depths:4 | Killed Grunn
 51389 | Depths:4 | Found a gate to the Realm of Zot.
 51502 | Depths:4 | Found a shimmering blue altar of Sif Muna.
 51699 | Depths:4 | Reached skill level 22 in Transmutations
 51865 | Vaults:1 | Entered Level 1 of the Vaults
 52118 | Vaults:1 | Reached XP level 23. HP: 178/178 MP: 35/40
 54408 | Vaults:2 | Found Naess's Weapon Shoppe.
 56405 | Vaults:3 | Reached XP level 24. HP: 187/187 MP: 35/41
 56552 | Vaults:3 | Found a staircase to the Crypt.
 56874 | Vaults:3 | Reached skill level 15 in Spellcasting
 57623 | Vaults:4 | Reached skill level 23 in Transmutations
 58420 | Vaults:5 | Entered Level 5 of the Vaults
 58435 | Vaults:5 | Noticed a dread lich
 58440 | Vaults:5 | Noticed an ancient lich
 58444 | Vaults:5 | Killed a dread lich
 58446 | Vaults:5 | Killed an ancient lich
 58712 | Vaults:5 | Noticed an ancient lich
 58713 | Vaults:5 | Killed an ancient lich
 58720 | Vaults:5 | Reached XP level 25. HP: 195/195 MP: 42/42
 58796 | Vaults:5 | Identified the ring of the Bruised Allies {rC+ Will+ Slay+5
                  | Stlth+}
 58806 | Vaults:5 | Identified the +9 morningstar of Subjectivity {pain, *Slow
                  | +Blink rF+}
 58843 | Vaults:5 | Identified the staff of conjuration "Zeasojao" {*Slow rElec
                  | rN+++ MP-9}
 58927 | Vaults:5 | Reached skill level 5 in Dodging
 58997 | Vaults:5 | Identified the +5 morningstar "Uxibb" {heavy, rN+ Will+}
 59416 | Vaults:5 | Got a silver rune of Zot
 59548 | Vaults:5 | Found Neirobyn's Antique Armour Boutique.
 59548 | Vaults:5 | Found the +16 obsidian axe {drain, demonic, Mesm Drain Fly
                  | SInv}
 59565 | Vaults:5 | Bought a glowing hat for 287 gold pieces
 59722 | Vaults:5 | Identified the +11 rapier of Visteasmi {freeze, rF+ Str+4
                  | Int-2 SInv}
 60282 | Vaults:5 | Identified the staff of poison "Lemorugg" {rPois Str+4}
 61065 | Crypt:1  | Entered Level 1 of the Crypt
 61255 | Crypt:1  | Noticed Jory
 61263 | Crypt:1  | Killed Jory
 61385 | Crypt:1  | Reached skill level 24 in Transmutations
 61688 | Crypt:1  | Found a basalt altar of Yredelemnul.
 61892 | Crypt:1  | Noticed a royal mummy
 61900 | Crypt:1  | Killed a royal mummy
 62631 | Crypt:2  | Noticed Zenata
 62637 | Crypt:2  | Killed Zenata
 63182 | Crypt:3  | Entered Level 3 of the Crypt
 63207 | Crypt:3  | Reached XP level 26. HP: 204/204 MP: 40/42
 63297 | Crypt:3  | Found a magical portal.
 63301 | WizLab   | Entered Maxwell's Workshop
 63483 | WizLab   | Identified the ring "Akhleb" {Fire Int+7 Stlth-}
 63486 | WizLab   | Identified the ring of Nadofuxa {Fire *Slow Str+8}
 63651 | WizLab   | Identified the ring "Gusm" {Ice *Slow rPois Str+7 Slay-2}
 63970 | Crypt:3  | Found a staircase to the Tomb.
 64175 | Crypt:3  | Noticed a dread lich
 64460 | Crypt:3  | Noticed a dread lich
 64482 | Crypt:3  | Killed a dread lich
 64495 | Crypt:3  | Killed a dread lich
 64505 | Crypt:3  | Got Costesum's Annotations on Apparitions
 64511 | Crypt:3  | Got the Elucidation of Wounds and Relocation
 64521 | Crypt:3  | Identified the staff of earth "Ynoxteitz" {*Slow rN+ Will+}
 64523 | Crypt:3  | Identified the staff of cold "Toxe" {rC+ Str+2 Int+4 Dex+3
                  | SInv}
 65126 | Snake:3  | Bought the ring "Ettyuk" {Fly rPois rF+ rCorr} for 403 gold
                  | pieces
 65318 | Slime:1  | Entered Level 1 of the Pits of Slime
 65328 | Slime:1  | Gained mutation: You occasionally lose the ability to read
                  | scrolls when taking damage. [a shining eye]
 65389 | Slime:2  | Gained mutation: You are clumsy. (Dex -2) [a shining eye]
 65530 | Slime:4  | Gained mutation: You are occasionally teleported next to
                  | monsters. [a shining eye]
 65539 | Slime:5  | Entered Level 5 of the Pits of Slime
 65656 | Lair:1   | Lost mutation: You are partially covered in iridescent
                  | scales. (AC +2) [potion of mutation]
 65656 | Lair:1   | Lost mutation: You are clumsy. (Dex -2) [potion of
                  | mutation]
 65656 | Lair:1   | Gained mutation: Potions are less effective at restoring
                  | your health. [potion of mutation]
 65666 | Lair:1   | Lost mutation: You are somewhat resistant to further
                  | mutation. [potion of mutation]
 65666 | Lair:1   | Lost mutation: Your body sometimes deteriorates upon taking
                  | damage. [potion of mutation]
 65666 | Lair:1   | Lost mutation: Potions are less effective at restoring your
                  | health. [potion of mutation]
 65666 | Lair:1   | Gained mutation: Your body sometimes deteriorates upon
                  | taking damage. [potion of mutation]
 65666 | Lair:1   | Gained mutation: You occasionally shout uncontrollably at
                  | your foes. [potion of mutation]
 65666 | Lair:1   | Gained mutation: You frequently scream uncontrollably at
                  | your foes. [potion of mutation]
 65666 | Lair:1   | Gained mutation: You possess an exceptional clarity of
                  | mind. [potion of mutation]
 65667 | Lair:1   | Lost mutation: You frequently scream uncontrollably at your
                  | foes. [potion of mutation]
 65667 | Lair:1   | Lost mutation: You possess an exceptional clarity of mind.
                  | [potion of mutation]
 65667 | Lair:1   | Gained mutation: You are partially covered in large bone
                  | plates. (SH +4) [potion of mutation]
 65667 | Lair:1   | Gained mutation: Your muscles are strong. (Str +4, Int/Dex
                  | -1) [potion of mutation]
 65667 | Lair:1   | Gained mutation: One of your tentacles bears a spike.
                  | [potion of mutation]
 65668 | Lair:1   | Lost mutation: You occasionally lose the ability to read
                  | scrolls when taking damage. [potion of mutation]
 65668 | Lair:1   | Lost mutation: You are partially covered in large bone
                  | plates. (SH +4) [potion of mutation]
 65668 | Lair:1   | Gained mutation: You are somewhat resistant to further
                  | mutation. [potion of mutation]
 65668 | Lair:1   | Gained mutation: You are partially covered in iridescent
                  | scales. (AC +2) [potion of mutation]
 65669 | Lair:1   | Lost mutation: You occasionally shout uncontrollably at
                  | your foes. [potion of mutation]
 65669 | Lair:1   | Lost mutation: You are somewhat resistant to further
                  | mutation. [potion of mutation]
 65669 | Lair:1   | Lost mutation: Your body sometimes deteriorates upon taking
                  | damage. [potion of mutation]
 65669 | Lair:1   | Gained mutation: Your magical capacity is low. (-10% MP)
                  | [potion of mutation]
 65669 | Lair:1   | Gained mutation: Your flesh is heat resistant. (rF+)
                  | [potion of mutation]
 65669 | Lair:1   | Gained mutation: You are somewhat resistant to further
                  | mutation. [potion of mutation]
 65670 | Lair:1   | Lost mutation: Your muscles are strong. (Str +4, Int/Dex
                  | -1) [potion of mutation]
 65670 | Lair:1   | Lost mutation: One of your tentacles bears a spike. [potion
                  | of mutation]
 65670 | Lair:1   | Gained mutation: Your flesh is cold resistant. (rC+)
                  | [potion of mutation]
 65767 | Slime:2  | Reached skill level 10 in Dodging
 65831 | Slime:3  | Gained mutation: Your body sometimes deteriorates upon
                  | taking damage. [a shining eye]
 65993 | Slime:5  | Found a viscous altar of Jiyva.
 65993 | Slime:5  | Found the +1 robe of Vines {NoPotionHeal Regen++++}
 66006 | Slime:5  | Noticed the Royal Jelly
 66014 | Slime:5  | Reached skill level 25 in Transmutations
 66033 | Slime:5  | Killed the Royal Jelly
 66051 | Slime:5  | Reached XP level 27. HP: 213/213 MP: 38/38
 66139 | Slime:5  | Identified the amulet of Symmetry {Reflect +Inv rPois SH+5}
 66167 | Slime:5  | Identified the +0 great sword of Disintegration {venom,
                  | *Corrode +Blink rPois rN++}
 66183 | Slime:5  | Identified the +1 flail of the Inviting Gods {freeze, rC++
                  | Str+3}
 66185 | Slime:5  | Identified the staff of poison "Simpuejik" {rPois SInv}
 66192 | Slime:5  | Got Doopof's Atlas of Hexing Dislocation
 66198 | Slime:5  | Identified the staff of earth "Fosoac" {Int+3}
 66214 | Slime:5  | Got a slimy rune of Zot
 66216 | Slime:5  | Got Sif Muna's Annotations on the Tesseract
 66218 | Slime:5  | Got Sif Muna's Tome of Vapourous Pyromancy
 66229 | Slime:5  | Identified the ring of Wishful Thinking {Wiz +Blink rPois
                  | rN+ Dex+3}
 66763 | Lair:1   | Lost mutation: You are somewhat resistant to further
                  | mutation. [potion of mutation]
 66763 | Lair:1   | Lost mutation: You are occasionally teleported next to
                  | monsters. [potion of mutation]
 66763 | Lair:1   | Lost mutation: Your flesh is cold resistant. (rC+) [potion
                  | of mutation]
 66763 | Lair:1   | Gained mutation: Your body often deteriorates upon taking
                  | damage. [potion of mutation]
 66763 | Lair:1   | Gained mutation: Your system is resistant to poisons.
                  | (rPois) [potion of mutation]
 66763 | Lair:1   | Gained mutation: You are frail. (-10% HP) [potion of
                  | mutation]
 66763 | Lair:1   | Gained mutation: Your muscles are strong. (Str +4, Int/Dex
                  | -1) [potion of mutation]
 67030 | Zot:1    | Entered Level 1 of the Realm of Zot
 67687 | Zot:1    | Found the +11 plutonium sword {Contam Stlth-}
 68844 | Zot:2    | Found a transporter.
 68849 | Zot:2    | Found a transporter.
 69788 | Zot:2    | Identified the staff of air "Suirchul" {Drain rElec rN+
                  | Will- Str+6}
 70441 | Zot:3    | Noticed an orb of fire
 70447 | Zot:3    | Killed an orb of fire
 71346 | Zot:4    | Reached skill level 26 in Transmutations
 72408 | Zot:4    | Learned a level 2 spell: Passwall
 72414 | Zot:5    | Entered Level 5 of the Realm of Zot
 73246 | Zot:5    | Noticed an ancient lich
 73251 | Zot:5    | Killed an ancient lich
 73291 | Zot:5    | Noticed an ancient lich
 73291 | Zot:5    | Noticed a dread lich
 73291 | Zot:5    | Noticed an orb of fire
 73299 | Zot:5    | Killed an orb of fire
 73302 | Zot:5    | Killed an ancient lich
 73304 | Zot:5    | Noticed an orb of fire
 73308 | Zot:5    | Gained mutation: You have hidden genetic defects. [an orb
                  | of fire]
 73313 | Zot:5    | Gained mutation: You occasionally shout uncontrollably at
                  | your foes. [an orb of fire]
 73315 | Zot:5    | Gained mutation: You sometimes lose your temper in combat.
                  | [mutagenic glow]
 73317 | Zot:5    | Killed an orb of fire
 73319 | Zot:5    | Killed a dread lich
 73375 | Zot:5    | Noticed a dread lich
 73382 | Zot:5    | Killed a dread lich
 73544 | Zot:5    | Noticed a dread lich
 73555 | Zot:5    | Killed a dread lich
 73613 | Zot:5    | Noticed a dread lich
 73628 | Zot:5    | Killed a dread lich
 73657 | Zot:5    | Reached skill level 15 in Dodging
 73780 | Zot:5    | Noticed an orb of fire
 73787 | Zot:5    | Killed an orb of fire
 73790 | Zot:5    | Noticed a dread lich
 73790 | Zot:5    | Noticed an ancient lich
 73791 | Zot:5    | Noticed a dread lich
 73796 | Zot:5    | Killed a dread lich
 73798 | Zot:5    | Killed an ancient lich
 73800 | Zot:5    | Killed a dread lich
 73800 | Zot:5    | Noticed an orb of fire
 73801 | Zot:5    | Lost mutation: Your muscles are strong. (Str +4, Int/Dex
                  | -1) [hidden defects]
 73807 | Zot:5    | Gained mutation: You occasionally lose the ability to read
                  | scrolls when taking damage. [an orb of fire]
 73810 | Zot:5    | Killed an orb of fire
 73865 | Zot:5    | Identified the ring "Xedoew" {Ice rN+ SInv}
 73883 | Zot:5    | Noticed a dread lich
 73888 | Zot:5    | Killed a dread lich
 73890 | Zot:5    | Reached skill level 27 in Transmutations
 73955 | Zot:5    | Got the Orb of Zot
 74243 | Depths:1 | Noticed Laobaj the pandemonium lord
 74253 | Depths:1 | Killed Laobaj the pandemonium lord
 74807 | D:$      | Escaped with the Orb!

Illustrated notes

Levels and vault maps discovered:
D:1:      minmay_arrival_jagged, layout_loops_ring
D:2:      layout_basic, minmay_domino_4
D:3:      gammafunk_steamed_eel, layout_basic, nicolae_qazlal_style_of_elements,
          nicolae_ru_awakened_eye, wad_floor_pattern_untrapped,
          minmay_diced_spiral, uniq_robin
D:4:      layout_loops_ring, mainiacjoe_overflow_paths,
          nicolae_overflow_hidden_temple, dreamdust_wishing_well
D:5:      layout_loops_ring, mainiacjoe_overflow_small_starburst,
          gammafunk_ghost_abyssal_escape, nicolae_figureground_pulse
D:6:      layout_rooms, mainiacjoe_overflow_tiny_flanked,
          mainiacjoe_overflow_boulevard, minmay_temple_entry_enclosed_plants,
          serial_shops, nicolae_shop_tiny_glass
D:7:      layout_rooms, nicolae_uskayaw_suspiria, slow_altar_1,
          nicolae_shop_i_like_big_books, minmay_manual_mares
D:8:      layout_rooms, old_standard_altar, serial_shops,
          nicolae_shop_tiny_statue_garden
D:9:      layout_loops_corners, mainiacjoe_overflow_chevrons,
          fedhas_altar_fruit_tree, library_closet
D:10:     layout_loops_corners, nzn_wu_jian_contemplation, lair_entry_dummy
D:11:     layout_basic, kennysheep_orc_monster_closet_entryway,
          minmay_misc_feat_pillars, nicolae_shop_overcharged_wands, uniq_erica
D:12:     layout_roguey
D:13:     layout_basic, vehumet_crystals, uniq_jorgrun
D:14:     minmay_containers, layout_long_grid,
          lightli_vaults_fourway_checkpoint, okawaru_ov_weapons_minmay,
          grunt_gozag_breadcrumbs
D:15:     grunt_enter_depths_magical_seal, layout_stronghold,
          minmay_tree_intersection
Temple:   hellmonk_temple_beads
Lair:1:   layout_regular_city, grunt_forest_large_clearing_hut,
          grunt_megastairs_3, uniq_gastronok
Lair:2:   layout_layer_cave, minmay_snake_entry_guardpost_small
Lair:3:   beast_lair_carwin_large_4, layout_gridlike, shoals_dummy_entry,
          lemuel_fruit_tree, grunt_megastairs_4
Lair:4:   layout_layer_cave, uniq_josephine
Lair:5:   due_jungle_book, layout_cave_pods, slime_entry_1,
          minmay_shattered_shrine
Shoals:1: layout_shoals
Shoals:2: nicolae_shoals_offshore_bank_account, layout_shoals, uniq_ilsuiw,
          uniq_roxanne
Shoals:3: layout_shoals, portal_ice_cave_entry_pillars_2,
          nicolae_shoals_water_shrine
Shoals:4: shoals_end_grunt_garden, layout_shoals, serial_shops,
          nicolae_shop_dealshenge
Snake:1:  layout_chambers, hellmonk_scale_shop, grunt_megastairs_2
Snake:2:  layout_layer_cave, uniq_vashnia, uniq_aizul
Snake:3:  layout_basic, minmay_shop_grove
Snake:4:  grunt_snake_rune_serpentine_throne, layout_cave_town,
          nicolae_snake_serpentine_hallways, nicolae_fountain_basement
Slime:1:  layout_caves
Slime:2:  layout_caves, basic_altar
Slime:3:  layout_caves, cheibrodos_slime_lost_civilization_5
Slime:4:  layout_caves
Slime:5
Orc:1:    dreamdust_wu_jian_sword_trials, layout_caves, serial_shops,
          nicolae_shop_advertising_works [nicolae_subvault_shop_adworks],
          basic_altar
Orc:2:    st_orc_mages, layout_diamond_mine, nicolae_volcano_entry_s_turn,
          nicolae_alphabet_shops, hellmonk_bongcloud_opening
Elf:1:    minmay_elf_arrival_plus, layout_geoelf_grid, minmay_elf_sorcery,
          lemuel_upstairs_altar
Elf:2:    nicolae_elf_blades_splatter_lattice
          [nicolae_blade_entry_sentries_behind_glass], layout_geoelf_octagon,
          serial_co_window_serial, co_window_paths_a, co_window_corner_a,
          co_window_paths_a, co_window_paths_a, co_window_paths_a,
          co_window_corner_a, co_window_paths_a, co_window_2corner,
          glass_columns_b, glass_columns_c, glass_columns_a, glass_columns_b,
          minivault_16, uniq_saint_roka
Elf:3:    minmay_elf_hall_dome, layout_loops_cross, ebering_ghost_xom
Vaults:1: v_misc_3, nicolae_vaults_offset_grid_hallway_4,
          hangedman_vaults_nails, nicolae_vaults_doubleplus_tesselated,
          nicolae_vaults_house_3, v_misc_11, nicolae_vaults_sealed_display,
          nicolae_vaults_three_branches, vaults_room_hallway,
          grunt_vaults_diagonal, layout_vaults_maze_bifur
Vaults:2: dpeg_vaults_monster_row, nicolae_vaults_trapezoid_lopsided_2,
          st_lattice, nicolae_vaults_bisected_exclaves,
          nicolae_vaults_network_s, nicolae_vaults_asterisk,
          nicolae_vaults_triangles, grunt_vaults_trifunnel,
          nicolae_vaults_oval_intersection, vaults_mumra_hex,
          layout_vaults_big_room, serial_shops,
          nicolae_shop_bloodbath_and_beyond
Vaults:3: nicolae_vaults_ellipses_ellipsis, nicolae_vaults_network_star,
          nicolae_vaults_two_Ls, minmay_crypt_entry_skeletal_spiral,
          nicolae_vaults_library_corner, dpeg_vaults_monster_box,
          nicolae_vaults_apartment_1, layout_vaults_omnigrid
Vaults:4: vaults_room_door_hall, vaults_mumra_minichess,
          nicolae_vaults_spaceships, hangedman_vaults_restitches,
          ontoclasm_vaults_tryst, nicolae_vaults_storage_closets_1,
          nicolae_vaults_security_offices_3, hangedman_vaults_slither,
          vaults_dpeg_diagonal, nicolae_vaults_house_1,
          nicolae_vaults_trapezoid_lopsided_1, nicolae_vaults_diamond_1,
          layout_vaults_omnicross
Vaults:5
Crypt:1:  lemuel_minitomb, layout_regular_city, basic_altar, uniq_jory
Crypt:2:  layout_misc_corridors, uniq_zenata
Crypt:3:  david_glass_crypt, layout_misc_corridors,
          nicolae_tomb_entry_unfolded_pyramid_orthogonal, mu_enter_wizlab_4,
          st_stairs_6
Depths:1: layout_small_grid, hell_entry, serial_bayou_pond_a,
          kennysheep_generic_room_12, kennysheep_random_hallway
Depths:2: minmay_the_grid_square_5x5_4x4 [minmay_the_grid_square_5x5_meh,
          minmay_the_grid_square_5x5_two_walls_b,
          minmay_the_grid_square_5x5_half_checkered,
          minmay_the_grid_square_5x5_tri_point,
          minmay_the_grid_square_5x5_detours,
          minmay_the_grid_square_5x5_prize_itemx,
          minmay_the_grid_square_5x5_prize_waves,
          minmay_the_grid_square_5x5_almost_minimal,
          minmay_the_grid_square_5x5_eight_small,
          minmay_the_grid_square_5x5_prize_pseudospiral,
          minmay_the_grid_square_5x5_prize_junk, minmay_the_grid_square_5x5_six,
          minmay_the_grid_square_5x5_minimal,
          minmay_the_grid_square_5x5_gyroscope,
          minmay_the_grid_square_5x5_empty,
          minmay_the_grid_square_5x5_one_wall], layout_gridville,
          enter_ziggurat_f, grunt_pan_entry_spiral, hell_entry,
          chequers_serial_rivers_room_a, serial_shops, kennysheep_little_box,
          infiniplex_staircase_split_hallway, serial_bayou_shore_b
Depths:3: cheibrodos_lost_city_excavation, layout_cave_pools, serial_shops,
          shop, abyss_entry, hell_entry, minmay_staircase_statues
Depths:4: evilmike_zot_entry_basic, layout_gridlike, pan_entry,
          grunt_mini_vestibule, hangedman_decor_clover_reticule,
          abyss_entry_glasseish, lemuel_blue_sif_altar, uniq_grunn
Zot:1:    layout_gridlike, grunt_megastairs_1
Zot:2:    layout_gridlike, nicolae_diode_stairs
Zot:3:    lemuel_firehouse, layout_onion_interference
Zot:4:    layout_onion_interference, grunt_megastairs_5
Zot:5:    layout_gridlike, st_stairs_3

Skill      XL: |  1  2  3  4  5  6  7  8  9 10 11 12 13 14 15 16 17 18 19 20 21 22 23 24 25 26 27 |
---------------+----------------------------------------------------------------------------------+-----
Fighting       | 2 3 4 5 6 8 10 11 12 13 14 15 16 17 18 19 20 21 22 23 26 | 26.0
Unarmed Combat | 4 5 6 7 9 10 11 12 14 15 16 17 18 19 20 21 22 23 26 | 26.1
Transmutations | 3 4 5 7 8 10 11 12 13 14 15 17 19 20 21 22 23 24 25 27 | 27.0
Ice Magic      | 1 3 4 6 7 8 |  8.0
Spellcasting   | 4 6 8 9 10 11 12 13 14 15 | 15.6
Translocations | 1 7 9 |  9.5
Poison Magic   | 4 8 10 | 10.0
Fire Magic     | 5 7 9 10 | 10.0
Dodging        | 3 8 10 16 | 16.0
Axes           | |  0.5

Action                     |  1- 3 |  4- 6 |  7- 9 | 10-12 | 13-15 | 16-18 | 19-21 | 22-24 | 25-27 || total
---------------------------+-------+-------+-------+-------+-------+-------+-------+-------+-------++-------
  Melee: Hand axe          |    65 |    71 |       |       |       |       |       |       |       ||   136
         Unarmed           |     4 |       |   201 |   332 |   749 |   799 |   706 |   863 |  1396 ||  5050
         Constrict         |    15 |    27 |     1 |       |       |     1 |     5 |     1 |     6 ||    56
         Kick              |    16 |    37 |     2 |       |       |       |       |       |       ||    55
         Tentacles         |     7 |    16 |     3 |       |       |     3 |     7 |     1 |    12 ||    49
         Punch             |       |     5 |       |       |    23 |    47 |    90 |   126 |   250 ||   541
         Staff             |       |    61 |     7 |       |     3 |     8 |    15 |     3 |    38 ||   135
         Tailslap          |       |       |       |       |    30 |    97 |   121 |   177 |   291 ||   716
         Bite              |       |       |       |       |    19 |    75 |    97 |   121 |   197 ||   509
  Throw: Dart              |       |       |       |     3 |       |       |       |       |       ||     3
   Cast: Beastly Appendage |    28 |    28 |     1 |       |       |       |       |       |       ||    57
         Wereblood         |     1 |    11 |     9 |    20 |    43 |    36 |    30 |    27 |    44 ||   221
         Ice Form          |       |       |    35 |    47 |    51 |       |       |       |       ||   133
         Dragon Form       |       |       |       |       |    30 |    89 |    61 |    63 |   121 ||   364
         Eringya's Noxious |       |       |       |       |       |     1 |     7 |     3 |       ||    11
         Manifold Assault  |       |       |       |       |       |       |    57 |     7 |    13 ||    77
         Ignite Poison     |       |       |       |       |       |       |     1 |     1 |       ||     2
 Invoke: Serpent's Lash    |       |       |       |       |     1 |     1 |       |     1 |       ||     3
         Heavenly Storm    |       |       |       |       |       |       |     1 |     3 |     4 ||     8
Ability: Lunge             |       |       |       |    31 |    59 |   135 |    92 |   104 |   179 ||   600
         Whirlwind         |       |       |       |     2 |    19 |    36 |    12 |   105 |   144 ||   318
         Breathe Fire      |       |       |       |       |     8 |     3 |     7 |     5 |     9 ||    32
  Evoke: Wand              |       |     8 |    15 |    27 |    32 |    14 |     3 |     3 |     2 ||   104
         Tin of tremorston |       |       |       |       |     2 |     5 |       |       |       ||     7
         Box of beasts     |       |       |       |       |       |     1 |     1 |       |       ||     2
    Use: Scroll            |     1 |     4 |     1 |    12 |    12 |     5 |     2 |       |    11 ||    48
         Potion            |       |     1 |       |     1 |     6 |     6 |     2 |     5 |    14 ||    35
   Stab: Sleeping          |     8 |     7 |       |       |       |       |       |     3 |     5 ||    23
         Paralysed         |       |    23 |     5 |     2 |     5 |       |       |       |       ||    35
         Distracted        |       |       |       |       |       |       |     2 |       |     4 ||     6
 Armour: Skin              |     4 |    10 |    58 |    44 |   150 |   179 |   128 |   163 |   218 ||   954
  Dodge: Dodged            |    40 |    61 |   148 |   150 |   268 |   404 |   296 |   397 |   628 ||  2392
  Block: Other             |     2 |    33 |    33 |    66 |    93 |   124 |    55 |    72 |    82 ||   560
         Reflection        |       |     4 |     2 |     5 |     2 |    13 |    17 |     7 |     2 ||    52
